 Dungeon Crawl Stone Soup version 0.19.5 (webtiles) character file.

238 snowfan the Magician (level 6, -3/36 HPs)
             Began as an Octopode Wizard on May 12, 2017.
             Slain by an ice beast (13 damage)
             ... on level 3 of the Dungeon.
             The game lasted 00:15:38 (4844 turns).

snowfan the Magician (Octopode Wizard)              Turns: 4844, Time: 00:15:38

Health: -3/36      AC:  1    Str:  7    XL:     6   Next: 7%
Magic:  0/12       EV: 14    Int: 22    God:
Gold:   149        SH:  0    Dex: 10    Spells: 5 memorised, 2 levels left

rFire  . . .     SeeInvis .     j - +3 dagger (speed)
rCold  . . .     Gourm    +     (no shield)
rNeg   . . .     Faith    .     a - +0 hat
rPois  .         Spirit   .     e - amulet of the gourmand
rElec  .         Reflect  .     (no ring)
rCorr  .         Harm     .     (no ring)
MR     .....                    (no ring)
Stlth  +++.......               (no ring)
                                (no ring)
                                (no ring)
                                (no ring)
                                (no ring)

@: no status effects
A: almost no armour, stealthy swim, amphibious, 8 rings, constrict 8, camouflage
1, gelatinous body 1
a: no special abilities


You were on level 3 of the Dungeon.
You were completely stuffed.

You visited 1 branch of the dungeon, and saw 3 of its levels.

You collected 149 gold pieces.

Inventory:

Hand Weapons
 i - a +0 whip
 j - a +3 dagger of speed (weapon)
Missiles
 h - 126 stones (quivered)
Armour
 a - a +0 hat (worn)
Jewellery
 e - an amulet of the gourmand (around mantle)
Scrolls
 g - 4 scrolls of identify {unknown}
 k - a scroll of noise {unknown}
 m - a scroll of teleportation {unknown}
 p - 2 scrolls of amnesia {unknown}
 s - a scroll of remove curse {unknown}
Potions
 q - a potion of flight {unknown}
 r - a potion of might {unknown}
Books
 b - a book of Minor Magic

   Spells                             Type                      Level
   a - Magic Dart                     Conjuration                  1
   b - Blink                          Translocation                2
   c - Call Imp                       Summoning                    2
   d - Repel Missiles                 Charms/Air                   2
   e - Slow                           Hexes                        2
   f - Conjure Flame                  Conjuration/Fire             3
   g - Mephitic Cloud                 Conjuration/Poison/Air       3
 f - a book of Misfortune

   Spells                             Type                      Level
   a - Confusing Touch                Hexes                        1
   b - Confuse                        Hexes                        3
   c - Gell's Gravitas                Hexes/Translocation          3
   d - Petrify                        Transmutation/Earth          4
   e - Metabolic Englaciation         Hexes/Ice                    5
   f - Yara's Violent Unravelling     Hexes/Transmutation          5
Comestibles
 c - 5 bread rations
 d - 3 slices of pizza
 n - a meat ration


   Skills:
 + Level 3.9 Dodging
 - Level 2.6 Stealth
 + Level 4.2 Spellcasting
 + Level 3.3 Conjurations
   Level 1.0 Summonings
 - Level 1.0 Translocations


You had 2 spell levels left.
You knew the following spells:

 Your Spells              Type           Power        Failure   Level  Hunger
a - Magic Dart            Conj           ###.         3%          1    None
c - Mephitic Cloud        Conj/Pois/Air  #.......     21%         3    ##.....
d - Conjure Flame         Conj/Fire      ##......     17%         3    ##.....
m - Repel Missiles        Chrm/Air       #.....       17%         2    #......
q - Blink                 Tloc           N/A          12%         2    #......


Dungeon Overview and Level Annotations

Branches:
Dungeon (3/15)

Altars:
Elyvilon
Nemelex Xobeh
Trog


Innate Abilities, Weirdness & Mutations

You cannot wear most types of armour.
You are very stealthy in the water. (Stealth+)
You are amphibious.
You can wear up to eight rings at the same time.
You can use your tentacles to constrict eight enemies at once.
Your skin changes colour to match your surroundings (Stealth+).
Your rubbery body absorbs attacks. (AC +1, EV +1)


Message History

It was a potion of heal wounds.
You feel much better. The ice beast hits you. The ice beast freezes you.
You barely miss the ice beast.
You squeeze the ice beast, but do no damage.
The ice beast is almost dead.
The ice beast hits you. The ice beast freezes you!
You hit the ice beast but do no damage.
The ice beast is almost dead.
The ice beast barely misses you.
Casting: Magic Dart
Confirm with . or Enter, or press ? or * to list all spells.
Aiming: Magic Dart
Press: ? - help, Shift-Dir - straight line, f/p - ice beast
Aim: an ice beast (severely wounded)
The magic dart hits the ice beast.
The ice beast is almost dead.
The ice beast hits you.
* * * LOW HITPOINT WARNING * * *
The ice beast freezes you!
You die...

#...............[.....###...#
#####..............[......# #...#
#...:.................(...# #...#
#........................>......#
#................................
#........#######.................
..)......# #............#....
.........# #.Y..........#
.........# #@...........
.........# #........ .........#
#........ #........# #........
########## #........ #.....†..
#........ #.......#


You could see an ice beast.

Vanquished Creatures
  2 orc wizards (D:3)
  7 adders
  3 oozes
  4 worms
  2 leopard geckos
  7 orcs
  6 giant cockroaches
  14 goblins
  10 hobgoblins
  2 jackals (D:2)
  3 quokkas
  6 bats
  8 frilled lizards
  9 kobolds
  6 rats
89 creatures vanquished.

Notes
Turn   | Place    | Note
-------+----------+-------------------------------------------
     0 | D:1      | snowfan the Octopode Wizard began the quest for the Orb.
     0 | D:1      | Reached XP level 1. HP: 11/11 MP: 4/4
   121 | D:1      | Reached XP level 2. HP: 8/17 MP: 0/6
   920 | D:1      | Reached XP level 3. HP: 21/21 MP: 5/7
  2051 | D:2      | Reached XP level 4. HP: 27/27 MP: 6/9
  2641 | D:2      | Found a white marble altar of Elyvilon.
  2641 | D:2      | Found a sparkling altar of Nemelex Xobeh.
  2810 | D:2      | Found a bloodstained altar of Trog.
  2871 | D:2      | Reached XP level 5. HP: 26/31 MP: 6/10
  3223 | D:3      | Noticed an ice beast
  4004 | D:3      | HP: 1/31 [orc wizard/magic dart (10)]
  4005 | D:3      | Reached skill level 4 in Spellcasting
  4459 | D:3      | Reached XP level 6. HP: 12/36 MP: 7/12
  4753 | D:3      | Learned a level 2 spell: Blink
  4756 | D:3      | Learned a level 2 spell: Repel Missiles
  4760 | D:3      | Learned a level 3 spell: Conjure Flame
  4764 | D:3      | Learned a level 3 spell: Mephitic Cloud
  4844 | D:3      | Slain by an ice beast

Skill      XL: |  1  2  3  4  5 |
---------------+----------------+-----
Conjurations   | 2 3 |  3.3
Dodging        | 3 |  3.9
Spellcasting   | 4 |  4.2
Stealth        | |  2.6
Summonings     | |  1.0
Translocations | |  1.0

Action                   |  1- 3 |  4- 6 || total
-------------------------+-------+-------++-------
Melee: Unarmed           |    14 |       ||    14
       Constrict         |     9 |    11 ||    20
       Tentacles         |     5 |     5 ||    10
       Whip              |     1 |       ||     1
       Dagger            |    25 |    43 ||    68
 Cast: Magic Dart        |    56 |   145 ||   201
  Use: Scroll            |       |     2 ||     2
       Potion            |       |     1 ||     1
 Stab: Sleeping          |     3 |     2 ||     5
  Eat: Chunk             |    15 |     8 ||    23
Armor: Skin              |     6 |     3 ||     9
Dodge: Dodged            |    32 |    54 ||    86
